 Dungeon Sprint DCSS version 0.27-a0-1572-gacd6f1ce93 (webtiles) character file.

Game seed: 3323682083887159563

4561 Conn the Arsonist (level 10, -22/63 HPs)
             Began as an Octopode Fire Elementalist on July 17, 2021.
             Was an Elder of Sif Muna.
             Killed by an exploding Joseph (33 damage)
             ... ignited by their inner flame
             ... in the Dungeon (Sprint III: "The Ten Rune Challenge").
             The game lasted 00:18:06 (2600 turns).

Conn the Arsonist (Octopode Fire Elementalist)      Turns: 2600, Time: 00:18:07

Health: -22/63     AC:  1    Str:  7    XL:     10   Next: 40%
Magic:  9/26       EV: 15    Int: 21    God:    Sif Muna [****..]
Gold:   31         SH:  0    Dex: 13    Spells: 15/33 levels left

rFire    . . .     SeeInvis .   e - +1 long sword (holy)
rCold    . . .     Faith    .   (no shield)
rNeg     . . .     Spirit   .   (helmet restricted)
rPois    .         Reflect  .   (no amulet)
rElec    .         Harm     .   (no ring)
rCorr    .         Rampage  .   (no ring)
Will     .....     NoTele   +   (no ring)
Stlth    +++++.....             (no ring)
HPRegen  0.20/turn              (no ring)
MPRegen  0.20/turn              (no ring)
                                (no ring)
                                (no ring)

@: lethally poisoned (-22 -> -39), slowed, very slow
A: almost no armour, amphibious, 8 rings, camouflage 1, gelatinous body 1,
(nimble swimmer 1), tentacles
a: Renounce Religion, Channel Magic, Forget Spell, Divine Exegesis


You were in the Dungeon.
You worshipped Sif Muna.
Sif Muna was greatly pleased with you.
You visited 1 branch You collected 31 gold pieces.

Inventory:

Hand Weapons
 e - a +1 long sword of holy wrath (weapon)
Wands
 n - a wand of digging (1)
Scrolls
 h - 2 scrolls of immolation {unknown}
 i - 4 scrolls of identify
 k - a scroll of holy word {unknown}
Potions
 d - a potion of magic
 g - 3 potions of mutation {unknown}
 j - a potion of flight {unknown}
 l - a potion of cancellation {unknown}


   Skills:
 + Level 3.3 Fighting
 + Level 2.5 Long Blades
 + Level 5.9 Dodging
 + Level 9.0 Stealth
 + Level 12.0 Spellcasting
 + Level 10.5 Conjurations
 + Level 2.1 Hexes
 + Level 14.5 Fire Magic


You had 15 spell levels left.
You knew the following spells:

 Your Spells              Type           Power      Damage    Failure   Level
a - Foxfire               Conj/Fire      100%       2x1d9     1%          1
b - Conjure Flame         Conj/Fire      60%        6-21      1%          3
c - Inner Flame           Hex/Fire       47%        N/A       1%          3
d - Sticky Flame          Conj/Fire      60%        2d8       1%          4
e - Ensorcelled Hibernat  Hex/Ice        34%        N/A       5%          2
f - Fireball              Conj/Fire      30%        3d13      1%          5

Your spell library contained the following spells:

 Spells                   Type           Power      Damage    Failure   Level
 Spider Form              Tmut/Pois      6%         N/A       16%         3
 Shadow Creatures         Summ           N/A        N/A       100%        6


Dungeon Overview and Level Annotations

Branches:
Dungeon (1/1)

Altars:
Cheibriados
Dithmenos
Elyvilon
Fedhas
Gozag
Hepliaklqana
Kikubaaqudgha
Makhleb
Nemelex Xobeh
Okawaru
Qazlal
Ru
Sif Muna
Trog
Uskayaw
Vehumet
Wu Jian
Xom
Yredelemnul
Zin
The Shining One
Beogh
Jiyva
Lugonu


Innate Abilities, Weirdness & Mutations

You cannot wear most types of armour.
You are amphibious.
You can wear up to eight rings at the same time.
Your skin changes colour to match your surroundings (Stealth+).
Your rubbery body absorbs attacks. (AC +1, EV +1)
((You are camouflaged near water. (Stealth+)))
You have tentacles for arms and can constrict up to eight enemies at once.


Message History

You feel as though you will be slow longer.
Joseph is engulfed in blazing flames.
Flame seeps out of Joseph.
Unknown command.
Casting: Fireball (dangerous; 1% risk of failure)
Confirm with . or Enter, or press ? or * to list all spells.
Aiming: Fireball (dangerous; 1% risk of failure)
Press: ? - help, Shift-Dir - straight line, f/p - Joseph
Aim: Joseph, wielding a +1 quarterstaff of freezing and quivering curare-tipped darts (severely wounded, inner flame)
The fireball explodes!
The fireball engulfs Joseph!
Flame seeps out of Joseph.
Joseph is severely wounded.
* * * LOW HITPOINT WARNING * * *
You feel extremely sick.
Joseph is engulfed in blazing flames.
Flame seeps out of Joseph.
Joseph throws a curare-tipped dart.
The curare-tipped dart hits you.
You are more poisoned.
You have difficulty breathing.
* * * LOW HITPOINT WARNING * * *
You feel as though you will be slow longer.
You feel much better.
* * * LOW HITPOINT WARNING * * *
You feel extremely sick.
Joseph is engulfed in blazing flames.
Flame seeps out of Joseph.
Joseph barely misses you.
Unknown command.
Casting: Fireball (dangerous; 1% risk of failure)
Confirm with . or Enter, or press ? or * to list all spells.
Aiming: Sticky Flame (safe; 1% risk of failure)
Press: ? - help, Shift-Dir - straight line, f/p - Joseph
Aim: Joseph, wielding a +1 quarterstaff of freezing and quivering curare-tipped darts (almost dead, inner flame, 100% to hit)
The sticky flame hits Joseph!
Flame seeps out of Joseph.
Joseph is almost dead.
Joseph is covered in liquid flames!
* * * LOW HITPOINT WARNING * * *
You feel extremely sick.
Joseph burns!
Sif Muna accepts your kill.
Joseph explodes!
The fiery explosion engulfs you!!
Ouch! That really hurt!
You die...

##################
#.#.#.....#...§.@+
.#.##)###.#^..§○§#
.#.##.#..##.^.§§§#
.)#..##..')^.^...#
▓▓▓▓▓▓▓▓▓#.^.....#
#^).^...#
+.......#
#...^.^.#
##'######


There were no monsters in sight!

Vanquished Creatures
  Harold (D)
  Erolcha (D)
  A deep elf pyromancer (D)
  Joseph (D)
  2 redbacks (D)
  A shadow (D)
  A spatial vortex (D)
  A necrophage (D)
  5 two-headed ogres (D)
  A water elemental (D)
  A jelly (D)
  A wizard (D)
  A necromancer (D)
  3 humans (D)
  A kobold demonologist (D)
  A wolf (D)
  An endoplasm (D)
  3 rats (D)
27 creatures vanquished.

Vanquished Creatures (others)
  94 foxfires (D)
  3 plants (D)
97 creatures vanquished.

Grand Total: 124 creatures vanquished

Notes
Turn   | Place    | Note
-------+----------+-------------------------------------------
     0 | D        | Conn the Octopode Fire Elementalist began the quest for the
                  | Orb.
     0 | D        | Reached XP level 1. HP: 11/11 MP: 3/3
   281 | D        | Noticed a wolf
   286 | D        | Killed a wolf
   287 | D        | Reached skill level 4 in Fire Magic
   287 | D        | Reached XP level 2. HP: 14/17 MP: 1/5
   331 | D        | Reached skill level 5 in Fire Magic
   331 | D        | Reached XP level 3. HP: 21/21 MP: 0/7
   446 | D        | Learned a level 3 spell: Conjure Flame
   450 | D        | Learned a level 3 spell: Inner Flame
   451 | D        | Noticed a water elemental
   463 | D        | Killed a water elemental
   464 | D        | Reached skill level 5 in Stealth
   464 | D        | Reached skill level 6 in Fire Magic
   464 | D        | Reached XP level 4. HP: 19/27 MP: 6/10
   559 | D        | Found a radiant altar of Vehumet.
   559 | D        | Found a shimmering blue altar of Sif Muna.
   559 | D        | Found an ancient bone altar of Kikubaaqudgha.
   559 | D        | Noticed a wizard
   567 | D        | Reached skill level 7 in Fire Magic
   569 | D        | Killed a wizard
   570 | D        | Reached XP level 5. HP: 31/32 MP: 11/11
   577 | D        | Became a worshipper of Sif Muna the Loreminder
   679 | D        | Learned a level 4 spell: Sticky Flame
   682 | D        | Learned a level 2 spell: Ensorcelled Hibernation
   684 | D        | Found a glowing silver altar of Zin.
   684 | D        | Found a glowing golden altar of the Shining One.
   684 | D        | Found a white marble altar of Elyvilon.
   687 | D        | Noticed a deep elf pyromancer
   791 | D        | Killed a deep elf pyromancer
   792 | D        | Reached skill level 5 in Dodging
   792 | D        | Reached skill level 5 in Conjurations
   792 | D        | Reached skill level 10 in Fire Magic
   792 | D        | Reached XP level 6. HP: 20/39 MP: 3/16
   792 | D        | Reached XP level 7. HP: 23/45 MP: 3/17
  1001 | D        | Found a hide-covered altar of Uskayaw.
  1001 | D        | Found an iron altar of Okawaru.
  1001 | D        | Found a bloodstained altar of Trog.
  1001 | D        | Found an ornate altar of the Wu Jian Council.
  1001 | D        | Noticed a human
  1002 | D        | Noticed a human
  1010 | D        | Killed a human
  1011 | D        | Reached skill level 11 in Fire Magic
  1021 | D        | Killed a human
  1021 | D        | Reached * piety under Sif Muna
  1022 | D        | Reached XP level 8. HP: 21/51 MP: 5/19
  1214 | D        | Found a basalt altar of Yredelemnul.
  1214 | D        | Found a shadowy altar of Dithmenos.
  1214 | D        | Found a sacrificial altar of Ru.
  1222 | D        | Learned a level 5 spell: Fireball
  1282 | D        | Noticed a shadow
  1311 | D        | Killed a shadow
  1311 | D        | Reached ** piety under Sif Muna
  1435 | D        | Found a blossoming altar of Fedhas.
  1435 | D        | Found a stormy altar of Qazlal.
  1435 | D        | Found a snail-covered altar of Cheibriados.
  1435 | D        | Found a burning altar of Makhleb.
  1435 | D        | Found a shimmering altar of Xom.
  1436 | D        | Found a hazy altar of Hepliaklqana.
  1436 | D        | Found an opulent altar of Gozag.
  1436 | D        | Found a sparkling altar of Nemelex Xobeh.
  1436 | D        | Found a corrupted altar of Lugonu.
  1436 | D        | Found a viscous altar of Jiyva.
  1604 | D        | Reached skill level 12 in Fire Magic
  1851 | D        | Noticed a two-headed ogre
  1856 | D        | Reached *** piety under Sif Muna
  1867 | D        | Killed a two-headed ogre
  1868 | D        | Reached skill level 1 in Long Blades
  1868 | D        | Reached skill level 1 in Hexes
  1868 | D        | Reached XP level 9. HP: 30/55 MP: 7/22
  2022 | D        | Noticed a two-headed ogre
  2022 | D        | Noticed Erolcha
  2084 | D        | Killed a two-headed ogre
  2085 | D        | Reached skill level 10 in Spellcasting
  2146 | D        | Killed Erolcha
  2147 | D        | Reached skill level 13 in Fire Magic
  2294 | D        | Reached **** piety under Sif Muna
  2586 | D        | Noticed Harold
  2586 | D        | Noticed Joseph
  2595 | D        | Killed Harold
  2596 | D        | Reached skill level 10 in Conjurations
  2596 | D        | Reached skill level 14 in Fire Magic
  2596 | D        | Reached XP level 10. HP: 41/63 MP: 24/26
  2600 | D        | Killed Joseph
  2600 | D        | Killed by an exploding Joseph... ignited by their inner
                  | flame

Illustrated notes

Levels and vault maps discovered:
D:        dungeon_sprint_mu [sprint_mu_entry_forest, sprint_mu_temple_rooms,
          sprint_mu_d1_spiders, sprint_mu_d2_genie, sprint_mu_d3_branching,
          sprint_mu_orc_legion, sprint_mu_elf_gauntlet, sprint_mu_hive_nellie,
          sprint_mu_lair_fedhas, sprint_mu_vaults_butterflies,
          sprint_mu_slime_circle, sprint_mu_swamp_cave, sprint_mu_shoals_archi,
          sprint_mu_blade_basic, sprint_mu_crypt_fortress,
          sprint_mu_tomb_spiral, sprint_mu_vestibule_basic,
          sprint_mu_gehenna_hellfire, sprint_mu_dis_giant,
          sprint_mu_tartarus_statrot, sprint_mu_cocytus_islands, sprint_mu_zot1]

Skill      XL: |  1  2  3  4  5  6  7  8  9 |
---------------+----------------------------+-----
Stealth        | 4 5 7 8 9 |  9.0
Fire Magic     | 4 5 6 7 10 11 12 14 | 14.5
Spellcasting   | 3 4 7 9 12 | 12.0
Dodging        | 3 5 |  5.9
Conjurations   | 2 5 7 10 | 10.5
Fighting       | 2 3 |  3.3
Long Blades    | 1 2 |  2.5
Hexes          | 1 2 |  2.1

Action                   |  1- 3 |  4- 6 |  7- 9 | 10-12 || total
-------------------------+-------+-------+-------+-------++-------
Melee: Unarmed           |     1 |     8 |       |       ||     9
       Tentacles         |       |     2 |     2 |       ||     4
       Constrict         |       |     2 |     1 |       ||     3
       Long sword        |       |       |    10 |       ||    10
 Cast: Foxfire           |    15 |     9 |    31 |       ||    55
       Sticky Flame      |       |     1 |     9 |     1 ||    11
       Conjure Flame     |       |     1 |     6 |       ||     7
       Inner Flame       |       |     1 |     3 |     1 ||     5
       Fireball          |       |       |    19 |     2 ||    21
       Ensorcelled Hiber |       |       |     1 |       ||     1
  Use: Scroll            |     2 |       |     1 |       ||     3
       Potion            |       |     3 |     3 |     1 ||     7
 Stab: Sleeping          |       |       |     1 |       ||     1
Armor: Skin              |       |     1 |     1 |       ||     2
Dodge: Dodged            |     2 |     3 |    16 |     1 ||    22

Table legend: (Time is in decaauts)
 A = Elapsed time spent in this place.
 B = Non-inter-level travel time spent in this place.
 C = Inter-level travel time spent in this place.
 D = Time resting spent in this place.
 E = Time spent auto-exploring this place.
 F = Levels seen in this place.
 G = Mean time per level.
                   A        B        C        D        E       F      G
               +--------+--------+--------+--------+--------+-----+--------+
         Total |   2597 |   2597 |      0 |   1850 |      0 |   1 | 2597.0 |
       Dungeon |   2597 |   2597 |      0 |   1850 |      0 |   1 | 2597.0 |
               +--------+--------+--------+--------+--------+-----+--------+

Top non-repeatable levels by time:
       D: 2597 daAuts
